 Dungeon Crawl Stone Soup version 0.29.1-2-gbd0b4ee654 (webtiles) character file.

Game seed: 805407935080613573

963 safid the Skirmisher (level 7, 0/68 HPs)
             Began as a Minotaur Hunter on Nov 17, 2022.
             Succumbed to Duvessa's poison
             ... on level 4 of the Dungeon.
             The game lasted 00:07:18 (4779 turns).

safid the Skirmisher (Minotaur Hunter)              Turns: 4779, Time: 00:07:19

Health: 0/68       AC:  7    Str: 14 (15) XL:     7   Next: 92%
Magic:  6/6        EV:  9    Int:  3 (6)  God:
Gold:   199        SH:  0    Dex: 13 (16) Spells: 6/6 levels left

rFire   . . .      SeeInvis .   a - +0 shortbow
rCold   . . .      Faith    .   (shield currently unavailable)
rNeg    + . .      Spirit   .   n - +0 scale mail
rPois   .          Reflect  .   (helmet restricted)
rElec   .          Harm     .   (no cloak)
rCorr   .          Rampage  .   q - +0 pair of gloves
Will    .....                   (no boots)
Stlth   ..........              (no amulet)
HPRegen 0.21/turn               j - ring of positive energy
MPRegen 0.10/turn               (no ring)

@: lethally poisoned (0 -> -10), flying
A: horns 2, retaliatory headbutt
a: no special abilities


You were on level 4 of the Dungeon.
You visited 2 branches of the dungeon, and saw 5 of its levels.

You collected 199 gold pieces.

Inventory:

Hand Weapons
 a - a +0 shortbow (weapon)
Armour
 n - a +0 scale mail (worn)
 q - a +0 pair of gloves (worn)
Jewellery
 j - a ring of positive energy (left hand)
Scrolls
 d - 3 scrolls of magic mapping {unknown}
 f - 2 scrolls of noise {unknown}
 g - 4 scrolls of teleportation {unknown}
 i - 6 scrolls of identify {unknown}
 k - 2 scrolls of silence {unknown}
 l - a scroll of fear {unknown}
 r - a scroll of amnesia {unknown}
Potions
 b - a potion of degeneration
 e - 2 potions of resistance
 h - a potion of ambrosia {unknown}
 m - a potion of lignification {unknown}
 o - a potion of flight


   Skills:
 - Level 8.0 Fighting
 + Level 8.4 Ranged Weapons
 - Level 2.1 Dodging
 - Level 0.7 Stealth


You had 6 spell levels left.
You didn't know any spells.
Your spell library contained the following spells:

 Spells                   Type           Power      Damage    Failure   Level
 Shock                    Conj/Air       0%         1d3       95%         1
 Gell's Gravitas          Tloc           0%         N/A       100%        3
 Lesser Beckoning         Tloc           0%         N/A       100%        3
 Swiftness                Air            0%         N/A       100%        3
 Teleport Other           Tloc           0%         N/A       100%        3
 Airstrike                Air            0%         2d(0-16)  100%        4


Dungeon Overview and Level Annotations

Branches:
Dungeon (4/15)             Temple (1/1) D:4

Altars:
Cheibriados
Dithmenos
Elyvilon
Fedhas
Gozag
Sif Muna
Trog
Uskayaw
Xom
The Shining One

Annotations:
D:4 Dowan, Duvessa


Innate Abilities, Weirdness & Mutations

You have a pair of horns on your head.
You reflexively headbutt those who attack you in melee.


Message History

Aim: Duvessa, wielding a +0 short sword of venom and wearing a +3 leather armour of positive energy (almost dead, 71% to hit)
You shoot an arrow. The arrow barely misses Duvessa.
You feel very sick.
Duvessa hits you with a +0 short sword of venom.
You are more poisoned.
Fire: a) +0 shortbow
Press: ? - help, Q - select action Shift-Dir - straight line, f/p - Duvessa
Aim: Duvessa, wielding a +0 short sword of venom and wearing a +3 leather armour of positive energy (almost dead, 71% to hit)
You shoot an arrow. The arrow barely misses Duvessa.
* * * LOW HITPOINT WARNING * * *
You feel very sick.
Duvessa hits you with a +0 short sword of venom.
* * * LOW HITPOINT WARNING * * *
Dowan hits you but does no damage.
Unknown command.
It was a potion of degeneration.
There was something very wrong with that liquid.
You feel weakened.
You feel dopey.
You feel clumsy.
* * * LOW HITPOINT WARNING * * *
You feel very sick. Duvessa closely misses you.
Dowan hits you but does no damage.
It was a potion of flight.
You feel very buoyant.
You fly up into the air.
* * * LOW HITPOINT WARNING * * *
You feel very sick.
Duvessa hits you with a +0 short sword of venom.
* * * LOW HITPOINT WARNING * * *
You are more poisoned.
Dowan casts a spell at you. The puff of frost hits you.
* * * LOW HITPOINT WARNING * * *
It was a potion of curing.
You feel better.
Duvessa hits you with a +0 short sword of venom!
* * * LOW HITPOINT WARNING * * *
You are lethally poisoned!
Dowan closely misses you.
Okay, then.
Unknown command.
You die...

###..####...##.#####...##...##.#.
#.....e......# #.#.##...##.##
...######...### #............. ..
#...# ####..#.###(## #...# #....#
#.## #...# #.######... .# #...#
###.......###
...#####...########...#####....
.#.....$..[.e÷@..##.#.#####....
............e.....#....#.......
#................#....#.##....
#.####.(...#####.##...#.##..<.
##.......## #.###.......###
#.........# #.........###
##.......## #####.##.## ##.....##
#.#### ##...## #.######


You could see Duvessa and Dowan.

Vanquished Creatures
  Pikel (D:4)
  Eustachio (D:4)
  A lemure (D:3)
  Blork the orc (D:4)
  A scorpion (D:4)
  Natasha (thrice) (D:2)
  An iguana (D:3)
  6 adders
  2 worms
  3 dart slugs
  2 orcs
  5 endoplasms
  6 giant cockroaches
  4 goblins
  5 hobgoblins
  5 jackals
  2 quokkas
  5 ball pythons
  9 bats
  4 frilled lizards
  3 kobolds
  7 rats
77 creatures vanquished.

Vanquished Creatures (others)
  A fungus (D:2)
  A plant (D:2)
  5 toadstools (D:1)
7 creatures vanquished.

Grand Total: 84 creatures vanquished

Notes
Turn   | Place    | Note
-------+----------+-------------------------------------------
     0 | D:1      | safid the Minotaur Hunter began the quest for the Orb.
     0 | D:1      | Reached XP level 1. HP: 18/18 MP: 0/0
   419 | D:1      | Reached XP level 2. HP: 24/25 MP: 1/1
   799 | D:2      | Reached skill level 5 in Ranged Weapons
   799 | D:2      | Reached XP level 3. HP: 31/31 MP: 2/2
  1063 | D:2      | Found a faded altar of an unknown god.
  1064 | D:2      | Noticed Natasha
  1074 | D:2      | Killed Natasha
  1089 | D:2      | Noticed Natasha
  1216 | D:2      | Killed Natasha
  1217 | D:2      | Reached XP level 4. HP: 31/40 MP: 3/3
  1583 | D:2      | Noticed Natasha
  1597 | D:2      | Killed Natasha
  1872 | D:3      | Reached XP level 5. HP: 47/47 MP: 4/4
  1934 | D:3      | Found an opulent altar of Gozag.
  1947 | D:3      | Reached skill level 5 in Fighting
  2132 | D:3      | Noticed a moth of wrath
  2134 | D:3      | Found a bloodstained altar of Trog.
  2734 | D:4      | Noticed Duvessa
  2735 | D:4      | Noticed Blork the orc
  2737 | D:4      | Noticed Dowan
  2851 | D:4      | Noticed a lemure
  2853 | D:4      | Noticed Pikel
  2872 | D:3      | Killed a lemure
  2916 | D:4      | Noticed a lemure
  2921 | D:4      | Noticed a lemure
  2922 | D:4      | Noticed a lemure
  2923 | D:4      | Killed Pikel
  2924 | D:4      | Reached XP level 6. HP: 24/60 MP: 5/5
  2924 | D:4      | Reached XP level 7. HP: 26/66 MP: 6/6
  3128 | D:4      | Found a staircase to the Ecumenical Temple.
  3137 | Temple   | Entered the Ecumenical Temple
  3208 | D:4      | Found a snail-covered altar of Cheibriados.
  3376 | D:4      | Killed Blork the orc
  4354 | D:4      | Noticed Eustachio
  4373 | D:4      | Killed Eustachio
  4778 | D:4      | HP: 3/68 [Duvessa/+0 short sword of venom (7)]
  4779 | D:4      | Succumbed to Duvessa's poison

Illustrated notes

Levels and vault maps discovered:
D:1:      ldierk_walled_garden, layout_basic, kennysheep_decorative_pillar
D:2:      layout_loops_cross, dreamdust_ecumenical_altar_grove,
          roderic_filled_cross, uniq_natasha
D:3:      layout_loops_ring, tgw_trog, nicolae_gozag_seed_capital,
          minmay_misc_feat_ornament
D:4:      layout_loops_cross, old_standard_altar,
          nicolae_kikubaaqudgha_miasma_corner, minmay_temple_entry_stoned_glass,
          uniq_duvessa, uniq_blork_the_orc, uniq_eustachio, uniq_pikel,
          uniq_menkaure
Temple:   nicolae_temple_ecumenical_triangle

Skill      XL: |  1  2  3  4  5  6  7 |
---------------+----------------------+-----
Fighting       | 3 4 7 8 |  8.0
Ranged Weapons | 5 7 8 |  8.4
Dodging        | |  2.1
Stealth        | |  0.7

Action                   |  1- 3 |  4- 6 |  7- 9 || total
-------------------------+-------+-------+-------++-------
 Fire: Shortbow          |    86 |   143 |    68 ||   297
  Use: Potion            |       |       |     4 ||     4
Armor: Leather armour    |     7 |     2 |       ||     9
       Scale mail        |       |    17 |    18 ||    35
Dodge: Dodged            |    18 |    60 |    25 ||   103
